 Dungeon Sprint DCSS version 0.27-a0-1256-gced786f65e (webtiles) character file.

Game seed: 13538745593041275340

46 rocky1 the Shield-Bearer (level 3, -2/31 HPs)
             Began as a Minotaur Fighter on June 11, 2021.
             Slain by a wolf (8 damage)
             ... in the Dungeon (Sprint III: "The Ten Rune Challenge").
             The game lasted 00:01:23 (511 turns).

rocky1 the Shield-Bearer (Minotaur Fighter)          Turns: 511, Time: 00:01:24

Health: -2/31      AC:  6    Str: 21    XL:     3   Next: 46%
Magic:  2/2        EV:  8    Int:  5    God:
Gold:   0          SH: 10    Dex:  9    Spells: 2/2 levels left

rFire    . . .     SeeInvis .   a - +0 long sword
rCold    . . .     Faith    .   c - +0 kite shield
rNeg     . . .     Spirit   .   b - +0 scale mail
rPois    .         Reflect  .   (helmet restricted)
rElec    .         Harm     .   (no cloak)
rCorr    .         Rampage  .   (no gloves)
Will     .....     NoTele   +   (no boots)
Stlth    ..........             (no amulet)
HPRegen  0.10/turn              (no ring)
MPRegen  0.08/turn              (no ring)

@: no status effects
A: horns 2, retaliatory headbutt
a: no special abilities


You were in the Dungeon.
You visited 1 branch

Inventory:

Hand Weapons
 a - a +0 long sword (weapon)
Armour
 b - a +0 scale mail (worn)
 c - a +0 kite shield (worn)
Scrolls
 j - a scroll of blinking
Potions
 d - a potion of might
 e - a potion of curing
 f - a potion of heal wounds
 g - a potion of haste
 h - 2 potions of magic
 i - a potion of berserk rage


   Skills:
 - Level 3.6 Fighting
 + Level 6.3 Long Blades
 - Level 3.6 Armour
 + Level 6.9 Shields


You had 2 spell levels left.
You didn't know any spells.
Your spell library was empty.

Dungeon Overview and Level Annotations

Branches:
Dungeon (1/1)

Altars:


Innate Abilities, Weirdness & Mutations

You have a pair of horns on your head.
You reflexively headbutt those who attack you in melee.


Message History

The human is severely wounded.
The human hits you but does no damage.
You slash the human! You headbutt the human.
You kill the human!
Your Long Blades skill increases to level 6!
Unknown command.
You start resting.
HP restored.
A wolf comes into view.
The wolf howls!
You block the wolf's attack.
You barely miss the wolf. The wolf bites you. x2
You closely miss the wolf. Your headbutt misses the wolf. The wolf bites you.
You block the wolf's attack.
You hit the wolf. Your headbutt misses the wolf.
The wolf is heavily wounded.
The wolf closely misses you. You furiously retaliate!
You headbutt the wolf, but do no damage.
The wolf bites you.
You hit the wolf but do no damage.
The wolf is heavily wounded.
You block the wolf's attack. x2; The wolf barely misses you.
You riposte.
You barely miss the wolf.
The wolf is heavily wounded.
You miss the wolf.
The wolf is heavily wounded.
You block the wolf's attack. x2
You hit the wolf but do no damage.
The wolf is heavily wounded.
The wolf bites you. You block the wolf's attack.
You are too injured to fight recklessly!
You are too injured to fight recklessly!
You are too injured to fight recklessly!
You are too injured to fight recklessly!
You barely miss the wolf.
The wolf is heavily wounded.
The wolf bites you!
* * * LOW HITPOINT WARNING * * *
The wolf bites you!
You die...

▓▓▓▓ ▓▓▓▓▓ ▓<.#
+...♣♣♣♣ ▓..#
#......♣
▓#'####.....♣♣
▓.....#....≈.♣
▓.....#...≈≈.♣♣..
▓.....#.h≈≈≈≈....
▓####)#@.≈≈≈≈≈≈..
▓(....#.≈≈≈≈≈≈...
▓.....#.≈≈≈≈≈....
▓.....#.≈≈≈......
▓'#####..........
▓................
▓▓▓▓▓▓▓▓▓▓▓▓▓▓▓▓▓


You could see a wolf.

Vanquished Creatures
  Jessica (D)
  A human (D)
  An endoplasm (D)
  2 rats (D)
5 creatures vanquished.

Vanquished Creatures (others)
  7 plants (D)
7 creatures vanquished.

Grand Total: 12 creatures vanquished

Notes
Turn   | Place    | Note
-------+----------+-------------------------------------------
     0 | D        | rocky1 the Minotaur Fighter began the quest for the Orb.
     0 | D        | Reached XP level 1. HP: 19/19 MP: 0/0
   164 | D        | Noticed Jessica
   174 | D        | Killed Jessica
   175 | D        | Reached skill level 5 in Long Blades
   175 | D        | Reached XP level 2. HP: 26/26 MP: 1/1
   175 | D        | Reached XP level 3. HP: 31/31 MP: 2/2
   511 | D        | Slain by a wolf

Illustrated notes

Levels and vault maps discovered:
D:        dungeon_sprint_mu [sprint_mu_entry_forest, sprint_mu_temple_rooms,
          sprint_mu_d1_spiders, sprint_mu_d2_genie, sprint_mu_d3_branching,
          sprint_mu_orc_legion, sprint_mu_elf_gauntlet, sprint_mu_hive_nellie,
          sprint_mu_lair_fedhas, sprint_mu_vaults_butterflies,
          sprint_mu_slime_circle, sprint_mu_swamp_cave, sprint_mu_snake_twists,
          sprint_mu_blade_basic, sprint_mu_crypt_chambers,
          sprint_mu_tomb_spiral, sprint_mu_vestibule_basic,
          sprint_mu_gehenna_hellfire, sprint_mu_dis_giant,
          sprint_mu_tartarus_statrot, sprint_mu_cocytus_islands, sprint_mu_zot1]

Skill      XL: |  1  2  3 |
---------------+----------+-----
Long Blades    | 5 6 |  6.3
Shields        | 6 |  6.9
Fighting       | |  3.6
Armour         | |  3.6

Action                   || total
-------------------------++-------
Melee: Long sword        ||    34
       Headbutt          ||     6
Throw: Throwing net      ||     1
Armor: Scale mail        ||    11
Dodge: Dodged            ||     6
Block: Kite shield       ||    27
       Rpst.: Long sword ||     1

Table legend: (Time is in decaauts)
 A = Elapsed time spent in this place.
 B = Non-inter-level travel time spent in this place.
 C = Inter-level travel time spent in this place.
 D = Time resting spent in this place.
 E = Time spent auto-exploring this place.
 F = Levels seen in this place.
 G = Mean time per level.
                   A        B        C        D        E       F      G
               +--------+--------+--------+--------+--------+-----+--------+
         Total |    523 |    523 |      0 |    419 |      0 |   1 |  523.0 |
       Dungeon |    523 |    523 |      0 |    419 |      0 |   1 |  523.0 |
               +--------+--------+--------+--------+--------+-----+--------+

Top non-repeatable levels by time:
       D: 523 daAuts
